 Dungeon Crawl Stone Soup version 0.24.0-13-gcf9b319 (webtiles) character file.

Game seed: 13843588639653568354, levelgen mode: deterministic

37 Bronimir the Stinger (level 3, 0/28 HPs)
             Began as a Naga Venom Mage on Mar 31, 2020.
             Slain by a goblin
             ... wielding a +0 dagger
             ... led by Robin
              (6 damage)
             ... on level 2 of the Dungeon.
             The game lasted 00:03:09 (1399 turns).

Bronimir the Stinger (Naga Venom Mage)              Turns: 1399, Time: 00:03:10

Health: 0/28       AC:  6    Str: 10    XL:     3   Next: 39%
Magic:  0/6        EV: 10    Int: 16    God:
Gold:   63         SH:  0    Dex: 14    Spells: 0/6 levels left

rFire    . . .     SeeInvis +   h - +4 whip
rCold    . . .     Gourm    .   (no shield)
rNeg     . . .     Faith    .   m - +2 robe {Archmagi}
rPois    +         Spirit   .   n - +0 helmet
rElec    .         Reflect  .   (no cloak)
rCorr    .         Harm     .   r - +0 pair of gloves {Dex+3}
MR       .....                  (no barding)
Stlth    ++........             (no amulet)
HPRegen  0.09/turn              (no ring)
MPRegen  0.10/turn              (no ring)

@: short of breath, invisible, very slow
A: large, see invisible, deformed body, poison resistance, slowness 2, slow
metabolism 1, spit poison 1, AC +1
a: Spit Poison


You were on level 2 of the Dungeon.
You were not hungry.

You visited 1 branch of the dungeon, and saw 2 of its levels.

You collected 63 gold pieces.

Inventory:

Hand Weapons
 b - a +0 club
 g - a +0 hand axe
 h - a +4 whip (weapon)
Missiles
 e - 18 sling bullets
 k - 18 stones (quivered)
Armour
 a - a +0 robe
 m - a +2 robe of the Archmagi (worn)
 n - a +0 helmet (worn)
 r - a +0 pair of gloves of dexterity (worn)
Scrolls
 d - 2 scrolls of enchant weapon {unknown}
 j - a scroll of identify {unknown}
 o - 2 scrolls of teleportation {unknown}
 p - a scroll of enchant armour {unknown}
 s - a scroll of fear {unknown}
Potions
 i - a potion of flight {unknown}
 l - a potion of curing {unknown}
Comestibles
 c - a ration
 q - a chunk of flesh


   Skills:
 + Level 0.1 Fighting
 + Level 0.5 Axes
 + Level 0.1(0.3) Maces & Flails
 * Level 0.5 Armour
 + Level 1.7 Dodging
 - Level 3.0 Stealth
 + Level 2.2 Spellcasting
 * Level 1.3 Conjurations
 * Level 4.8 Poison Magic


You couldn't memorise any spells.
You knew the following spells:

 Your Spells              Type           Power        Failure   Level  Hunger
a - Sting                 Conj/Pois      ###.         6%          1    #......
b - Poisonous Vapours     Pois/Air       ##....       12%         2    ###....
c - Mephitic Cloud        Conj/Pois/Air  ##......     26%         3    ###....

Your spell library contained the following spells:

 Spells                   Type           Power        Failure   Level  Hunger
 Olgreb's Toxic Radiance  Pois           ####....     26%         4    #####..
 Venom Bolt               Conj/Pois      ###.......   85%         5    ######.


Dungeon Overview and Level Annotations

Branches:
Dungeon (2/15)

Altars:
Fedhas

Annotations:
D:2 Robin


Innate Abilities, Weirdness & Mutations

You cannot wear boots.
Your serpentine skin is tough. (AC +1)
You have supernaturally acute eyesight. (SInv)
Armour fits poorly on your strangely shaped body.
Your system is resistant to poisons. (rPois)
You cover ground very slowly.
You have a slow metabolism.
You can spit poison.


Message History

The goblin is moderately wounded.
The goblin hits you. The goblin hits you with a +0 dagger.
Robin hits you but does no damage.
You can't do that yet.
The goblin closely misses you. The goblin hits you but does no damage.
Robin hits you but does no damage. The goblin hits you.
* * * LOW HITPOINT WARNING * * *
The goblin hits you but does no damage.
You see here a goblin corpse.
You can't do that yet.
Casting: Mephitic Cloud (safe; 26% risk of failure)
Confirm with . or Enter, or press ? or * to list all spells.
You don't have enough magic to cast that spell.
It was a potion of invisibility.
You fade into invisibility!
Robin throws the goblin at you!
* * * LOW HITPOINT WARNING * * *
The goblin hits you but does no damage. The goblin closely misses you.
The goblin hits you with a +0 dagger.
You die...

#......###.....###
#......#...≈≈≈...#
#........≈≈≈≈≈≈≈...#
#.......≈≈≈≈≈≈≈≈≈..#
####......≈≈≈≈≈≈≈≈≈≈≈..
........$.≈≈≈≈.>P≈≈≈≈..
.......†.≈≈≈≈P...P≈≈≈≈.
.......gg≈≈≈≈PP_.P≈≈≈≈.
......g@.≈≈≈≈.P..♣≈≈≈≈.
.......).)≈≈≈≈.<♣≈≈≈
..$..%..#g≈≈≈≈≈≈≈≈≈
.....)..#..≈≈≈≈≈≈≈
#######.#...≈≈≈≈≈
..#....g≈≈ .%........
##.#.######


You could see Robin and 4 goblins.

Vanquished Creatures
  A dart slug (D:1)
  8 bats
  3 giant cockroaches
  6 goblins
  5 hobgoblins
  3 kobolds (D:1)
  2 frilled lizards (D:1)
  5 rats
33 creatures vanquished.

Notes
Turn   | Place    | Note
-------+----------+-------------------------------------------
     0 | D:1      | Bronimir the Naga Venom Mage began the quest for the Orb.
     0 | D:1      | Reached XP level 1. HP: 15/15 MP: 3/3
     2 | D:1      | Noticed an octopode
     4 | D:1      | Noticed a gargoyle
     4 | D:1      | Noticed a draconian
     6 | D:1      | Noticed a ghoul
     6 | D:1      | Noticed a human
     8 | D:1      | Noticed a formicid
     8 | D:1      | Noticed a vampire
    10 | D:1      | Noticed an ogre
    10 | D:1      | Noticed a naga
    13 | D:1      | Noticed a demigod
    15 | D:1      | Noticed a felid
    15 | D:1      | Noticed a dwarf
    17 | D:1      | Noticed a halfling
    17 | D:1      | Noticed a vine stalker
    19 | D:1      | Noticed a merfolk
    21 | D:1      | Noticed a spriggan
    21 | D:1      | Noticed a minotaur
    23 | D:1      | Noticed a demonspawn
    25 | D:1      | Noticed an elf
    25 | D:1      | Noticed a centaur
    27 | D:1      | Noticed a troll
    27 | D:1      | Noticed a tengu
   373 | D:1      | Reached XP level 2. HP: 22/22 MP: 0/5
   814 | D:1      | Learned a level 2 spell: Poisonous Vapours
  1259 | D:1      | Reached XP level 3. HP: 26/28 MP: 4/6
  1337 | D:2      | Learned a level 3 spell: Mephitic Cloud
  1368 | D:2      | Found a blossoming altar of Fedhas.
  1382 | D:2      | Noticed Robin
  1399 | D:2      | Slain by a goblin

Levels and vault maps discovered:
D:1:      kb_arrival_jail, layout_loops_ring
D:2:      layout_basic, first_ration, fedhas_ov_isle_minmay, uniq_robin

Action                   || total
-------------------------++-------
Melee: Unarmed           ||     6
       Hand axe          ||    20
       Whip              ||    23
 Cast: Sting             ||    16
       Poisonous Vapours ||     4
       Mephitic Cloud    ||     2
 Abil: Spit Poison       ||    15
  Use: Potion            ||     1
  Eat: Chunk             ||     2
Armor: Robe              ||    33
Dodge: Dodged            ||    54
